 Dungeon Crawl Stone Soup version 0.27.1-2-g3b301248ec (webtiles) character file.

Game seed: 5296598788383686208

182 nxtlvl the Chopper (level 5, -1/36 HPs)
             Began as a Formicid Monk on Sept 24, 2021.
             Was a Believer of Hepliaklqana.
             Killed by divine providence
             ... invoked by an orc priest
              (15 damage)
             ... on level 3 of the Dungeon.
             The game lasted 00:13:52 (636 turns).

nxtlvl the Chopper (Formicid Monk)                   Turns: 636, Time: 00:13:53

Health: -1/36      AC:  6    Str: 16    XL:     5   Next: 93%
Magic:  3/5        EV: 12    Int:  9    God:    Hepliaklqana [**....]
Gold:   32         SH:  0    Dex: 14    Spells: 4/4 levels left

rFire    . . .     SeeInvis +   a - +0 hand axe
rCold    + . .     Faith    .   (no shield)
rNeg     . . .     Spirit   .   d - +2 leather armour {rC+}
rPois    .         Reflect  .   (helmet unavailable)
rElec    .         Harm     .   (no cloak)
rCorr    .         Rampage  .   e - +0 pair of gloves
Will     .....                  (no boots)
Stlth    ++........             (no amulet)
HPRegen  0.12/turn              (no ring)
MPRegen  0.09/turn              (no ring)

@: no status effects
A: reduced essence, permanent stasis, dig shafts and tunnels, antennae 3, four
strong arms
a: Dig, Shaft Self, Renounce Religion, Recall Ancestor, Ancestor Identity


You were on level 3 of the Dungeon.
You worshipped Hepliaklqana.
Hepliaklqana was pleased with you.
You visited 1 branch of the dungeon, and saw 3 of its levels.

You collected 32 gold pieces.

Inventory:

Hand Weapons
 a - a +0 hand axe (weapon)
Missiles
 c - 8 boomerangs (quivered)
 l - 8 javelins
Armour
 d - a +2 leather armour of cold resistance (worn)
 e - a +0 pair of gloves (worn)
 k - a +0 chain mail
 D - a +0 ring mail
Scrolls
 b - a scroll of holy word {unknown}
 f - a scroll of immolation {unknown}
 j - a scroll of torment {unknown}
 m - a scroll of teleportation {unknown}
Potions
 g - a potion of lignification {unknown}
 h - a potion of heal wounds {unknown}
 i - a potion of curing {unknown}


   Skills:
 - Level 3.2 Fighting
 * Level 6.1 Axes
 - Level 2.6 Dodging
 - Level 2.4 Stealth


You had 4 spell levels left.
You didn't know any spells.
Your spell library was empty.

Dungeon Overview and Level Annotations

Branches:
Dungeon (3/15)

Altars:
Ashenzari
Hepliaklqana

Annotations:
D:3 2 runed translucent doors, StoopidFlanders's ghost, amateur PaWr


Innate Abilities, Weirdness & Mutations

Your life essence is reduced to manifest your ancestor. (-10% HP)
You cannot be hasted, slowed, berserked, paralysed or teleported.
You can dig through walls and to a lower floor.
You have a pair of large antennae on your head. (SInv)
Your four strong arms can wield two-handed weapons with a shield.


Message History

You dig through the rock wall.
You dig through the rock wall.
You dig through the rock wall.
You dig through the rock wall.
You dig through the rock wall.
You dig through the rock wall.
You dig through the rock wall.
You dig through the rock wall.
You dig through the rock wall.
A giant cockroach, 3 orcs and an orc priest come into view.
The orc priest is wielding a +2 short sword of speed.
The orc shouts!
The orc priest shouts!
The giant cockroach bites you.
You retract your mandibles.
Unknown command.
You extend your mandibles.
You dig through the rock wall.
Henutmehyt hits the giant cockroach with a +0 quarterstaff!
The giant cockroach dies!
Henutmehyt closely misses the orc.
You retract your mandibles.
You hit the orc.
The orc is almost dead.
Henutmehyt hits the orc with a +0 quarterstaff.
The orc dies!
The orc throws a boomerang.
The boomerang hits Henutmehyt.
The orc closely misses Henutmehyt.
The orc misses Henutmehyt.
Henutmehyt casts a spell at the orc.
The stone arrow hits the orc!
The orc dies!
Henutmehyt hits the orc with a +0 quarterstaff!
The orc dies!
You extend your mandibles.
You dig through the rock wall.
Henutmehyt is recalled.
You retract your mandibles.
You extend your mandibles.
You dig through the rock wall.
The orc priest calls down the wrath of Beogh upon you.
Beogh smites you!
You die...

#..#≈≈≈≈≈ #..#
#...#
#..+S≈≈≈W{ +..#
#...# ##.#≈r≈≈≈
..# ##...#
############o.#
##.####
#......o..#
##.##
#....o)^o.#
##.## ##o#
##.## #..###
##.## ##.@.#
##.## ##R##
##.## ##.###.##
##.#.## ##.##
###


You could see the friendly Henutmehyt the battlemage, an orc priest (ally
target) and an orc wizard.

Vanquished Creatures
  An adder (D:2)
  A dart slug (D:1)
  An orc (D:3)
  2 endoplasms (D:3)
  2 giant cockroaches
  A goblin (D:1)
  4 hobgoblins
  A quokka (D:3)
  A frilled lizard (D:1)
  A rat (D:3)
15 creatures vanquished.

Vanquished Creatures (collateral kills)
  An orc priest (D:3)
  2 orc wizards (D:3)
  3 gnolls (D:2)
  An adder (D:3)
  A dart slug (D:2)
  8 orcs (D:3)
  A ball python (D:3)
  A giant cockroach (D:3)
  2 hobgoblins
  A quokka (D:3)
  4 bats
  2 frilled lizards (D:3)
27 creatures vanquished.

Vanquished Creatures (others)
  2 battlemagi (D:2)
2 creatures vanquished.

Grand Total: 44 creatures vanquished

Notes
Turn   | Place    | Note
-------+----------+-------------------------------------------
     0 | D:1      | nxtlvl the Formicid Monk began the quest for the Orb.
     0 | D:1      | Reached XP level 1. HP: 18/18 MP: 1/1
    80 | D:1      | Reached XP level 2. HP: 7/24 MP: 2/2
   160 | D:2      | Found a hazy altar of Hepliaklqana.
   166 | D:2      | Became a worshipper of Hepliaklqana the Forgotten
   166 | D:2      | Reached * piety under Hepliaklqana
   166 | D:2      | Reached ** piety under Hepliaklqana
   167 | D:2      | Remembered your ancestor Henutmehyt as a battlemage
   186 | D:3      | Found a runed translucent door.
   213 | D:3      | Found a runed translucent door.
   214 | D:3      | Noticed StoopidFlanders's ghost (amateur PaWr)
   289 | D:2      | Reached skill level 4 in Axes
   289 | D:2      | Reached XP level 3. HP: 10/26 MP: 3/3
   400 | D:3      | Found a broken altar of Ashenzari.
   432 | D:3      | Reached XP level 4. HP: 23/31 MP: 4/4
   474 | D:3      | Reached skill level 5 in Axes
   521 | D:2      | Reached XP level 5. HP: 17/36 MP: 5/5
   591 | D:3      | Reached skill level 6 in Axes
   636 | D:3      | Killed from afar by an orc priest

Illustrated notes

Levels and vault maps discovered:
D:1:      wheals_arrival_linesprint, layout_rooms,
          hellmonk_ecumenical_altar_prayer_group, minmay_misc_feat_doors,
          supply_closet_lemuel
D:2:      layout_basic, basic_altar, uniq_natasha
D:3:      layout_basic, mainiacjoe_overflow_six_doors_small,
          ebering_ghost_sewer_f, uniq_grinder

Skill      XL: |  1  2  3  4  5 |
---------------+----------------+-----
Axes           | 4 5 6 |  6.1
Fighting       | |  3.2
Dodging        | |  2.6
Stealth        | |  2.4

Action                   |  1- 3 |  4- 6 || total
-------------------------+-------+-------++-------
Melee: Hand axe          |    57 |    30 ||    87
Invok: Ancestor Life: Ba |     1 |       ||     1
       Recall Ancestor   |       |     1 ||     1
 Abil: Dig               |     1 |    10 ||    11
 Stab: Sleeping          |     2 |     1 ||     3
       Distracted        |     1 |       ||     1
Armor: Robe              |     5 |       ||     5
       Ring mail         |    11 |       ||    11
       Leather armour    |       |    11 ||    11
Dodge: Dodged            |    28 |     6 ||    34
